 Dungeon Crawl Stone Soup version 0.31.0-9-g3a7656b989 (webtiles) character file.

Game seed: 13618010392566518187

31 qw the Shooter (level 3, 0/20 HPs)
             Began as a Deep Elf Hunter on Feb 2, 2024.
             Succumbed to their own poison gas
             ... on level 2 of the Dungeon.
             The game lasted 00:00:03 (1351 turns).

qw the Shooter (Deep Elf Hunter)                    Turns: 1351, Time: 00:00:04

Health: 0/20       AC:  8    Str: 10    XL:     3   Next: 7%
Magic:  5/5        EV: 11    Int: 13    God:
Gold:   90         SH:  0    Dex: 18    Spells: 2/2 levels left

rFire   . . .        a - +0 shortbow
rCold   + . .        (shield currently unavailable)
rNeg    . . .        i - +2 ring mail {rC+}
rPois   .            (no helmet)
rElec   .            (no cloak)
rCorr   .            d - +0 pair of gloves
SInv    .            (no boots)
Will    .....        (no amulet)
Stlth   +            (no ring)
HPRegen 0.23/turn    (no ring)
MPRegen 0.09/turn

%: no passive effects
@: lethally poisoned (0 -> -9)
A: no striking features
a: no special abilities


You were on level 2 of the Dungeon.
You visited 1 branch of the dungeon, and saw 2 of its levels.

You collected 90 gold pieces.


   Skills:
 - Level 1.5 Fighting
 + Level 6.7 Ranged Weapons
 - Level 2.4 Dodging
 - Level 1.2 Stealth


You had 2 spell levels left.
You didn't know any spells.
Your spell library was empty.

Inventory:

Hand Weapons
 a - a +0 shortbow (weapon)
Armour
 d - a +0 pair of gloves (worn)
 i - a +2 ring mail of cold resistance (worn)
Potions
 b - a potion of curing {unknown}
 c - a potion of degeneration {unknown}
 e - a potion of might {unknown}
 g - a potion of heal wounds {unknown}
 j - a potion of enlightenment {unknown}

Dungeon Overview and Level Annotations

Branches:
Dungeon (2/15)

Altars:


Message History

You finish taking off your +0 ring mail.
You start putting on your armour.
You continue putting on your +2 ring mail of cold resistance. x5
You finish putting on your +2 ring mail of cold resistance.
You feel resistant to cold.
1344 ||| DROPPING +0 ring mail.
You drop a +0 ring mail.
Done exploring.
1345 ||| READING scroll labelled DUDDAL BAD CIC.
The air fills with toxic fumes!
As you read the scroll labelled DUDDAL BAD CIC, it crumbles to dust.
It was a scroll of poison.
Done exploring.
1346 ||| READING scroll labelled EKURRE ICWEMECS.
As you read the scroll labelled EKURRE ICWEMECS, it crumbles to dust.
You hear a loud clanging noise!
It was a scroll of noise.
Done exploring.
What level of the Dungeon? (default 2, ? - help) Sorry, I don't know how to get there.
Enter note:
Enter note:
Enter note:
Enter note:
Enter note:
Enter note:
Enter note:
Enter note:
Enter note: You are engulfed in poison gas.
You are lethally poisoned!
You feel very sick.
1348 ||| Stepping ~*~*~tactically~*~*~ (cloud).
You feel very sick.
You see here a +0 ring mail.
There is a lethal amount of poison in your body!
You feel very sick.
There is a lethal amount of poison in your body!
You feel sick.
There is a lethal amount of poison in your body!
You die...

.####### ###.# #.#
#.#. .......######
#.#####'###.#.
)...........#
#........##.##
............#
#.###....##.#
............# #[#
#....##.#
............#
######¤###.....#.##
............#
#¤¤¤¤¤¤#¤0.....#...
............#
#¤¤0¤¤¤¤¤0.....####
............#
#¤@0777...777..#
............# ##¤7#
#7.7# #7.#
............# #¤7
7.7 7.# ##
............# #¤7#
#7.7# #7.# #.
#############
#¤.777.7.777..###.
#¤....777.....##..
#¤.777.7.777..##.#
#.7# #7.7# #7.##.#
#.7 7.7 7.##.#


There were no monsters in sight!

Vanquished Creatures
  3 dart slugs (D:1)
  A ribbon worm (D:2)
  A bat (D:2)
  2 endoplasms (D:1)
  4 goblins
  2 ball pythons
  2 frilled lizards
  7 kobolds
  A rat (D:1)
23 creatures vanquished.

Notes
Turn   | Place    | Note
-------+----------+-------------------------------------------
     0 | D:1      | qw the Deep Elf Hunter began the quest for the Orb.
     0 | D:1      | Reached XP level 1. HP: 12/12 MP: 3/3
     0 | D:1      | 0 ||| qw: Version: 0.3-a-155-g5e7d8dd
     0 | D:1      | 0 ||| qw: Game counter: 310
     0 | D:1      | 0 ||| qw: Melee chars always use a shield: true
     0 | D:1      | 0 ||| qw: God list: Okawaru
     0 | D:1      | 0 ||| qw: Allow faded altars: false
     0 | D:1      | 0 ||| qw: Do Orc after clearing Dungeon:15 true
     0 | D:1      | 0 ||| qw: Do second Lair branch before Depths: true
     0 | D:1      | 0 ||| qw: Lair rune preference: random
     0 | D:1      | 0 ||| qw: Goals: Normal
     0 | D:1      | 0 ||| PLANNING D:1-11
   224 | D:1      | Reached skill level 6 in Ranged Weapons
   224 | D:1      | Reached XP level 2. HP: 16/16 MP: 4/4
   708 | D:1      | 708 ||| UPGRADING to +0 pair of gloves.
   713 | D:1      | 713 ||| UPGRADING to +0 ring mail.
   723 | D:1      | 723 ||| DROPPING +0 leather armour.
   724 | D:1      | 724 ||| READING scroll labelled DYUNEF BIFO.
   725 | D:1      | 725 ||| DROPPING scroll of butterflies.
   914 | D:2      | Found a faded altar of an unknown god.
  1098 | D:2      | Reached XP level 3. HP: 20/20 MP: 5/5
  1334 | D:2      | 1334 ||| UPGRADING to +2 ring mail of cold resistance.
  1344 | D:2      | 1344 ||| DROPPING +0 ring mail.
  1345 | D:2      | 1345 ||| READING scroll labelled DUDDAL BAD CIC.
  1346 | D:2      | 1346 ||| READING scroll labelled EKURRE ICWEMECS.
  1348 | D:2      | 1348 ||| Stepping ~*~*~tactically~*~*~ (cloud).
  1349 | D:2      | HP: 3/20 [poisoned by you (poison gas)]
  1350 | D:2      | HP: 1/20 [poisoned by you (poison gas)]
  1351 | D:2      | Succumbed to their own poison gas

Levels and vault maps discovered:
D:1:      roadster_arrival_rocket_large, layout_basic, grunt_decor_arrowhead,
          minmay_misc_feat_enclosed, nrook_mini_vaults, chequers_garden,
          st_stairs_2
D:2:      layout_basic, hellmonk_ecumenical_altar_pennies_from_heaven,
          minmay_stone_trees_medium

Skill      XL: |  1 |
---------------+----+-----
Ranged Weapons | 6 |  6.7
Fighting       | |  1.5
Dodging        | |  2.4
Stealth        | |  1.2

Action                     || total
---------------------------++-------
   Fire: Shortbow          ||    64
    Use: Scroll            ||     3
 Armour: Ring mail         ||     6
         Leather armour    ||     2
  Dodge: Dodged            ||    13

Table legend:
 A = Non-vault XP
 B = Vault XP
 C = Vault XP percentage of total XP
 D = Non-vault monster count
 E = Vault monster count
 F = Vault count percentage of total count
                 A         B        C        D         E       F
            +---------+---------+-------+---------+---------+-------
      Total |      38 |       7 |  15.6 |      20 |       3 |  13.0
            +---------+---------+-------+---------+---------+-------
        D:1 |      25 |       7 |  21.9 |      13 |       3 |  18.8
        D:2 |      13 |       0 |   0.0 |       7 |       0 |   0.0
            +---------+---------+-------+---------+---------+-------
